 Dungeon Crawl Stone Soup version 0.23.0 (webtiles) character file.

Game seed: 7894706035078372013

228 Borgoz the Sneak (level 5, 0/61 HPs)
             Began as a Demonspawn Assassin on Feb 17, 2019.
             Killed from afar by Ijyb (5 damage)
             ... with a wand of acid (7)
             ... on level 3 of the Dungeon.
             The game lasted 00:04:04 (2412 turns).

Borgoz the Sneak (Demonspawn Assassin)              Turns: 2412, Time: 00:04:05

Health: 0/61       AC: 18    Str: 11    XL:     5   Next: 71%
Magic:  5/5        EV:  2    Int: 12    God:
Gold:   161        SH:  0    Dex: 16    Spells: 4/4 levels left

rFire    . . .     SeeInvis .   a - +2 dagger
rCold    . . .     Gourm    .   (no shield)
rNeg     + + +     Faith    .   (armour currently unavailable)
rPois    +         Spirit   .   (helmet currently unavailable)
rElec    .         Reflect  .   (cloak currently unavailable)
rCorr    .         Harm     .   (gloves currently unavailable)
MR       .....     NoTele   +   (boots currently unavailable)
Stlth    +++.......             (no amulet)
HPRegen  0.20/turn              (no ring)
MPRegen  0.09/turn              (no ring)

@: tree-form, corroded, hasted, very quick
A: no striking features
a: no special abilities


You were on level 3 of the Dungeon.
You were not hungry.
You were a tree.
You visited 1 branch of the dungeon, and saw 3 of its levels.

You collected 161 gold pieces.

Inventory:

Hand Weapons
 a - a +2 dagger (weapon)
 b - a +0 blowgun
Missiles
 e - 8 poisoned needles
 f - 2 curare-tipped needles
Armour
 d - a +0 cloak (melded)
 i - a +0 leather armour (melded)
 m - quicksilver dragon scales
 r - a +0 pair of boots (melded)
Scrolls
 c - a scroll of blinking {unknown}
 h - a scroll of identify {unknown}
 j - a scroll of noise {unknown}
 l - 2 scrolls of remove curse {unknown}
 o - 2 scrolls of enchant armour {unknown}
 p - a scroll of fear {unknown}
 q - a scroll of amnesia {unknown}
Potions
 k - 2 potions of lignification
Comestibles
 g - 4 rations
 t - 7 chunks of flesh


   Skills:
 + Level 3.0 Fighting
 * Level 3.4 Short Blades
 - Level 1.7 Throwing
 * Level 3.0 Dodging
 + Level 4.3 Stealth


You had 4 spell levels left.
You didn't know any spells.
Your spell library was empty.

Dungeon Overview and Level Annotations

Branches:
Dungeon (3/15)

Altars:
Fedhas
Kikubaaqudgha

Annotations:
D:3 Ijyb


Innate Abilities, Weirdness & Mutations

((You have hoof-like feet.))
((Your movements are less encumbered by armour. (ER -4)))


Message History

Your +0 pair of boots melds into your body.
Your +0 leather armour melds into your body.
Your roots penetrate the ground.
Ijyb grins evilly.
Ijyb hits you but does no damage.
It was a potion of haste.
You feel yourself speed up. Ijyb hits you but does no damage.
It was a potion of flight.
Your roots keep you in place.
You hit Ijyb.
Ijyb is moderately wounded.
Ijyb zaps a wand.
The bolt of acid hits you but does no damage.
The acid corrodes you!
You are splashed with acid!
* * * LOW HITPOINT WARNING * * *
You hit Ijyb but do no damage.
Ijyb is moderately wounded.
You closely miss Ijyb.
Ijyb is moderately wounded.
Ijyb zaps a wand.
The bolt of acid hits you.
You die...

#... #..# #..# #..## #
... ..# #.
###.##.#####.#.## #.#
#............... #.#
######.#####.#.# #.#
#..).♣g#.#.####.#
#..###.#........# #..#
#.#.#.##.#.######
#..###.#.#.##.........
#....)<÷.÷......######
#.######.#............
....{...#####..#######
#######........# #
#..###...# #


You could see Ijyb.

Vanquished Creatures
  A howler monkey (D:2)
  3 orc wizards
  A gnoll (D:1)
  2 adders (D:2)
  2 oozes
  A worm (D:2)
  3 dart slugs
  A leopard gecko (D:3)
  3 orcs (D:3)
  5 bats
  A giant cockroach (D:2)
  5 goblins
  10 hobgoblins
  6 jackals (D:2)
  8 kobolds
  2 quokkas
  3 ball pythons (D:2)
  3 frilled lizards (D:2)
  7 rats
67 creatures vanquished.

Notes
Turn   | Place    | Note
-------+----------+-------------------------------------------
     0 | D:1      | Borgoz the Demonspawn Assassin began the quest for the Orb.
     0 | D:1      | Reached XP level 1. HP: 16/16 MP: 1/1
    21 | D:1      | Reached skill level 1 in Dodging
   362 | D:1      | Gained mutation: You have large cloven feet. [demonic
                  | ancestry]
   362 | D:1      | Reached XP level 2. HP: 13/22 MP: 2/2
   735 | D:1      | Gained mutation: Your movements are slightly less
                  | encumbered by armour. (ER -2) [demonic ancestry]
   735 | D:1      | Reached XP level 3. HP: 27/27 MP: 3/3
  1084 | D:2      | Found a blossoming altar of Fedhas.
  1086 | D:2      | Found an ancient bone altar of Kikubaaqudgha.
  1254 | D:2      | Gained mutation: You have hoof-like feet. [demonic
                  | ancestry]
  1254 | D:2      | Reached XP level 4. HP: 31/34 MP: 4/4
  1269 | D:2      | Reached skill level 4 in Stealth
  1522 | D:2      | Gained mutation: Your movements are less encumbered by
                  | armour. (ER -4) [demonic ancestry]
  1522 | D:2      | Reached XP level 5. HP: 39/39 MP: 5/5
  2398 | D:3      | Noticed Ijyb
  2412 | D:3      | Killed from afar by Ijyb

Skill      XL: |  1  2  3  4  5 |
---------------+----------------+-----
Dodging        | 1 2 3 |  3.0
Short Blades   | 2 3 |  3.4
Stealth        | 4 |  4.3
Fighting       | 3 |  3.0
Throwing       | |  1.7

Action                   |  1- 3 |  4- 6 || total
-------------------------+-------+-------++-------
Melee: Dagger            |    89 |   150 ||   239
       Kick              |     9 |    14 ||    23
  Use: Potion            |       |     3 ||     3
 Stab: Sleeping          |    11 |     2 ||    13
       Distracted        |     1 |     1 ||     2
  Eat: Chunk             |     1 |     4 ||     5
Armor: Leather armour    |    15 |    40 ||    55
       Skin              |       |     3 ||     3
Dodge: Dodged            |    34 |    89 ||   123
